Map: Automaton LE

Players

Lambo

  • Race: Zerg Zerg
  • League: Master
  • Spawn Location: 3:00

PtitDrogo - Winner!

  • Race: Protoss Protoss
  • League: Grandmaster
  • Spawn Location: 9:00

Event: 2019 WCS Winter Europe

VOD

Have the link to the VOD?

Description

Time

  • Played on: March 23, 2019, 10:35 a.m.
  • Length: 13:04

All games in this series

Show
View Real Time Build Order
Export as new Build Order

Lambo Zerg 

Build Orders: Hatch First, Roach Hydra 

Get SALT Encoding   

  12  0:00  Drone  
  13  0:13  Overlord  
  13  0:18  Drone  
  14  0:31  Drone x2  
  16  0:49  Hatchery  
  15  0:52  Drone  
  15  0:56  Drone  
  17  0:59  Drone  
  18  1:10  Extractor  
  17  1:15  Spawning Pool  
  16  1:19  Drone  
  16  1:22  Drone  
  18  1:29  Drone  
  19  1:41  Drone  
  20  1:53  Overlord  
  20  2:02  Queen x2  
  20  2:03  Zergling x2  
  20  2:06  Zergling x2  
  26  2:13  Drone  
  27  2:18  Drone  
  28  2:25  Drone  
  28  2:28  Drone  
  30  2:34  Drone  
  31  2:41  Drone  
  32  2:46  Drone  
  32  2:47  Hatchery  
  32  2:49  Overlord  
  32  2:55  Drone  
  32  2:57  Drone  
  32  2:58  Queen  
  36  3:06  Lair  
  36  3:09  Drone  
  36  3:11  Drone  
  36  3:12  Drone  
  39  3:14  Drone  
  39  3:17  Drone  
  39  3:19  Drone  
  42  3:20  Drone  
  42  3:23  Spore Crawler  
  42  3:25  Drone  
  42  3:26  Drone  
  44  3:33  Roach Warren  
  43  3:37  Overlord  
  43  3:39  Drone  
  44  3:42  Extractor, Drone  
  44  3:43  Extractor  
  44  3:44  Drone  
  44  3:56  Drone  
  44  3:57  Drone x3  
  48  4:03  Overlord, Drone  
  48  4:05  Overseer, Drone x2  
  48  4:07  Overseer  
  51  4:11  Overlord  
  51  4:16  Roach x3  
  56  4:21  Overlord  
  56  4:25  Roach x3  
  56  4:31  Roach x2  
  66  4:40  Spore Crawler  
  66  4:41  Spore Crawler, Drone x2  
  66  4:43  Queen  
  68  4:46  Glial Reconstitution  
  68  4:49  Drone x2  
  68  4:52  Drone  
  70  4:58  Drone x3  
  70  4:59  Drone  
  72  5:00  Drone  
  72  5:02  Drone  
  70  5:09  Queen  
  70  5:14  Drone x3  
  75  5:18  Drone x2  
  77  5:21  Overlord  
  76  5:29  Drone x6  
  78  5:38  Drone x3  
  78  5:46  Drone  
  79  5:50  Drone x2  
  79  5:51  Burrow  
  77  5:59  Queen, Hydralisk Den  
  77  6:00  Evolution Chamber, Drone  
  78  6:04  Tunneling Claws  
  78  6:05  Drone x2  
  78  6:06  Extractor, Drone  
  78  6:07  Drone x2  
  78  6:09  Drone  
  78  6:10  Extractor  
  82  6:15  Spore Crawler  
  82  6:16  Drone  
  82  6:17  Drone  
  83  6:20  Drone  
  83  6:23  Drone  
  83  6:26  Extractor  
  83  6:29  Muscular Augments  
  83  6:30  Roach x4  
  90  6:34  Overlord  
  90  6:38  Overlord  
  90  6:41  Overlord  
  90  6:43  Overlord  
  90  6:44  Overlord, Zerg Missile Weapons Level 1  
  90  6:47  Overlord  
  90  6:48  Overlord  
  87  6:59  Roach x8  
  87  7:00  Hydralisk x3  
  87  7:01  Roach x3  
  99  7:06  Roach x3  
  101  7:09  Drone  
  101  7:16  Hydralisk x2  
  101  7:21  Hydralisk, Queen  
  109  7:25  Roach x8  
  109  7:31  Roach x2  
  109  7:34  Overlord  
  109  7:35  Drone x3  
  116  7:40  Grooved Spines  
  116  7:48  Hydralisk x3  
  122  7:51  Hydralisk  
  122  7:55  Drone x2  
  122  7:56  Drone  
  122  7:57  Drone x2  
  129  8:01  Overlord, Hatchery  
  129  8:02  Hydralisk  
  130  8:05  Hydralisk  
  130  8:10  Drone x2  
  134  8:13  Pneumatized Carapace  
  134  8:19  Hydralisk  
  134  8:20  Hydralisk x3  
  134  8:26  Drone x3  
  146  8:27  Drone  
  150  8:34  Roach x2  
  150  8:37  Nydus Network  
  150  8:38  Roach x2  
  153  8:47  Overlord  
  153  8:48  Overlord  
  153  8:51  Zerg Missile Weapons Level 2  
  153  8:54  Overlord  
  153  8:55  Overlord  
  153  8:56  Overlord  
  153  9:04  Overlord  
  153  9:05  Hydralisk x2, Ravager  
  153  9:06  Hydralisk, Roach  
  162  9:11  Hydralisk x2  
  168  9:17  Hydralisk  
  168  9:19  Roach  
  168  9:23  Ravager  
  167  9:26  Nydus Canal  
  167  9:27  Roach  
  167  9:30  Roach x3  
  175  9:39  Roach x17  
  175  9:40  Roach x4, Nydus Canal  
  183  9:47  Roach  
  183  9:49  Roach x2  
  183  9:52  Roach x2  
  185  9:53  Overlord  
  185  9:57  Roach x2  
  184  10:18  Hatchery, Roach x5  
  189  10:34  Overlord  
  185  10:39  Overlord x2  
  185  10:42  Overlord  
  181  10:44  Overlord  
  181  10:46  Nydus Canal  
  181  10:47  Hydralisk x3  
  181  10:48  Overlord  
  182  10:53  Hydralisk x6  
  187  11:07  Hydralisk x2  
  182  11:17  Hydralisk  
  165  11:21  Overseer  
  165  11:25  Overseer  
Show
View Real Time Build Order
Export as new Build Order

PtitDrogo Protoss - Winner!

Build Orders: 1 Gate Expand, Oracle Opening, Chargelot Immortal 

Get SALT Encoding   

  12  0:00  Probe  
  13  0:12  Probe  
  14  0:19  Pylon  
  14  0:25  Probe  
  15  0:33  Probe  
  15  0:41  Probe, Gateway  
  16  0:47  Assimilator  
  17  0:51  Probe  
  18  1:03  Probe  
  19  1:15  Probe  
  20  1:26  Nexus  
  20  1:37  Cybernetics Core  
  20  1:40  Probe  
  20  1:46  Assimilator  
  21  1:53  Probe  
  22  1:55  Pylon  
  22  2:05  Stalker  
  22  2:07  Probe  
  25  2:19  Probe  
  25  2:21  Stargate  
  26  2:30  Probe  
  26  2:33  Warp Gate  
  26  2:34  Probe, Adept  
  29  2:38  Probe  
  29  2:42  Probe  
  31  2:46  Probe  
  33  2:52  Probe  
  33  2:56  Oracle  
  33  2:57  Probe  
  35  3:04  Probe  
  36  3:09  Probe  
  40  3:17  Gateway  
  40  3:19  Probe  
  41  3:22  Probe  
  41  3:25  Gateway  
  42  3:27  Oracle  
  42  3:29  Pylon  
  42  3:31  Probe  
  46  3:47  Probe x2  
  48  3:51  Pylon  
  48  3:52  Pylon  
  48  3:53  Assimilator x2  
  48  3:59  Oracle  
  48  4:03  Probe  
  48  4:04  Probe  
  53  4:16  Probe x2  
  55  4:21  Adept x3  
  55  4:23  Pylon  
  61  4:28  Probe  
  61  4:30  Probe  
  61  4:31  Robotics Facility  
  63  4:40  Probe  
  63  4:41  Pylon  
  63  4:43  Adept x3  
  63  4:45  Probe  
  71  4:52  Probe  
  69  5:10  Probe x2, Robotics Facility  
  69  5:13  Observer, Nexus  
  71  5:17  Pylon  
  72  5:22  Probe x2  
  70  5:38  Sentry  
  70  5:39  Sentry, Immortal  
  78  5:48  Immortal, Probe  
  79  5:52  Twilight Council  
  79  5:54  Forge, Probe  
  76  6:01  Probe  
  81  6:09  Probe  
  82  6:13  Probe  
  83  6:20  Probe  
  83  6:23  Immortal  
  83  6:25  Stalker, Probe x2  
  86  6:27  Immortal  
  86  6:28  Probe  
  94  6:33  Charge  
  94  6:38  Gateway  
  94  6:39  Protoss Ground Weapons Level 1  
  94  6:41  Probe, Gateway  
  94  6:42  Gateway  
  95  6:57  Immortal  
  95  6:59  Immortal  
  95  7:08  Probe x2  
  101  7:11  Assimilator  
  101  7:12  Gateway  
  101  7:14  Gateway  
  101  7:15  Assimilator, Templar Archives  
  99  7:19  Pylon  
  99  7:25  Probe x2  
  99  7:29  Pylon  
  101  7:32  Photon Cannon  
  101  7:33  Shield Battery  
  103  7:38  Observer  
  104  7:44  Photon Cannon  
  104  7:46  Photon Cannon  
  104  7:50  Stalker x6  
  115  7:54  Psionic Storm  
  115  7:57  Photon Cannon  
  115  7:58  Photon Cannon  
  115  8:01  Immortal  
  119  8:07  Observer  
  119  8:15  Pylon  
  119  8:18  Pylon  
  119  8:21  High Templar  
  119  8:23  High Templar  
  123  8:29  Pylon  
  127  8:36  Stalker  
  127  8:37  Immortal  
  127  8:39  Probe x2  
  127  8:41  Nexus  
  131  8:42  Pylon  
  131  8:47  Warp Prism  
  133  8:48  Observer  
  133  8:50  Zealot x2  
  133  8:53  Zealot  
  133  8:54  High Templar  
  141  9:04  Zealot, High Templar  
  141  9:06  Zealot  
  147  9:12  Zealot  
  147  9:13  Zealot x2  
  153  9:23  High Templar  
  155  9:28  Stalker  
  157  9:39  Pylon  
  157  9:41  Pylon  
  151  9:52  Immortal x2  
  143  9:55  Stalker x4  
  149  10:01  Archon  
  149  10:04  Photon Cannon  
  149  10:05  Dark Shrine  
  155  10:08  Assimilator  
  155  10:11  High Templar x2  
  155  10:12  Zealot x2  
  163  10:15  Assimilator  
  163  10:26  Zealot, High Templar  
  163  10:27  Zealot x2  
  171  10:32  High Templar  
  171  10:35  Zealot x2  
  173  10:48  Zealot x4  
  173  11:00  Archon  
  166  11:05  Stalker x3  
  156  11:24  Probe  
  141  11:31  Probe  
  141  11:32  Dark Templar x2  
  132  11:33  Dark Templar x3  
  132  11:39  Probe  
  133  11:43  Probe  
Tags
 
Add a new tag
Caveats
  • Supply blocks, unpowered buildings, or Contaminate may cause inaccurate times.
  • Supply counts are checked every 10 seconds.